Get step-by-step instructions on how to execute this build order below. Start the game timer, and the build order will tick by so you can play in parallel with StarCraft on a second screen or mobile device.

Game Time

  0:00

Last Step

  N/A

Next Step

Upcoming Step



Don't want to look back and forth between 2 screens? Try out our Overwolf App, the Spawning Tool Build Advisor to get an in-game overlay with this build!

Complete Build Order

  12  0:00  Probe  
  13  0:12  Probe  
  14  0:19  Pylon  
  14  0:24  Probe  
  15  0:37  Probe (Chrono Boost)  
  15  0:41  Gateway  
  16  0:47  Probe (Chrono Boost)  
  17  0:52  Probe (Chrono Boost)  
  17  0:55  Assimilator  
  18  1:03  Probe  
  19  1:15  Probe  
  20  1:26  Nexus  
  21  1:36  Cybernetics Core  
  20  1:40  Probe  
  20  1:46  Assimilator  
  21  1:52  Probe  
  22  1:54  Pylon  
  22  2:04  Probe (Chrono Boost)  
  23  2:10  Adept (Chrono Boost)  
  26  2:16  Probe (Chrono Boost)  
  26  2:20  Probe (Chrono Boost)  
  27  2:23  Stargate  
  27  2:30  Probe  
  27  2:33  Adept  
  30  2:37  Warp Gate  
  30  2:39  Probe (Chrono Boost)  
  32  2:46  Probe (Chrono Boost)  
  33  2:51  Probe (Chrono Boost)  
  34  2:58  Probe x2 (Chrono Boost)  
  34  3:03  Adept  
  34  3:05  Oracle (Chrono Boost), Probe  
  37  3:07  Probe  
  42  3:13  Pylon  
  42  3:17  Probe  
  42  3:19  Probe  
  44  3:30  Probe  
  44  3:31  Probe  
  46  3:38  Oracle (Chrono Boost)  
  47  3:42  Probe  
  47  3:43  Probe  
  47  3:47  Gateway  
  47  3:54  Probe  
  47  3:55  Nexus  
  48  3:59  Probe, Pylon  
  49  4:07  Oracle  
  51  4:12  Probe  
  51  4:14  Probe  
  51  4:15  Assimilator  
  51  4:17  Assimilator  
  53  4:18  Pylon  
  53  4:25  Probe  
  53  4:27  Probe  
  53  4:29  Adept  
  57  4:35  Twilight Council  
  57  4:37  Probe  
  58  4:45  Probe (Chrono Boost)  
  59  4:49  Probe (Chrono Boost)  
  59  4:51  Gateway  
  59  4:52  Gateway  
  60  4:56  Forge  
  60  4:57  Probe (Chrono Boost)  
  62  5:01  Probe (Chrono Boost)  
  62  5:03  Probe (Chrono Boost)  
  62  5:06  Probe (Chrono Boost)  
  63  5:09  Blink (Chrono Boost), Probe  
  63  5:13  Probe  
  66  5:17  Gateway, Probe  
  66  5:18  Gateway  
  67  5:23  Shield Battery, Pylon  
  67  5:27  Stalker  
  69  5:28  Probe  
  69  5:30  Protoss Ground Weapons Level 1  
  69  5:32  Stalker  
  69  5:34  Probe  
  69  5:35  Probe  
  74  5:40  Probe  
  75  5:43  Pylon  
  75  5:46  Probe  
  75  5:47  Stalker  
  75  5:48  Stalker  
  75  5:49  Probe  
  81  5:56  Probe  
  82  5:58  Probe  
  82  5:59  Pylon  
  82  6:02  Stalker x2  
  82  6:03  Probe  
  88  6:08  Assimilator  
  88  6:10  Pylon  
  89  6:12  Probe  
  89  6:15  Stalker x2  
  93  6:20  Stalker x2  
  93  6:21  Shield Battery  
  97  6:27  Stalker x2  
  97  6:30  Pylon  
  101  6:37  Shield Battery  
  101  6:40  Zealot x2  
  93  6:47  Stalker x2  
  93  6:54  Zealot x2  
  80  7:03  Stalker x2  
  78  7:10  Stalker x2  
  81  7:19  Stalker x2  
  83  7:22  Pylon  
  83  7:25  Pylon  
  80  7:33  Stalker x3  
  86  7:39  Stalker  
  86  7:43  Zealot x2